Map: 시뮬레이크럼 - 래더

Players

Rogue

  • Race: Zerg Zerg
  • Spawn Location: 11:00

Zest - Winner!

  • Race: Protoss Protoss
  • Spawn Location: 5:00

Event: IEM Katowice 2020

VOD

Have the link to the VOD?

Description

Time

  • Played on: Feb. 27, 2020, 9:50 a.m.
  • Length: 13:49

All games in this series

Show
View Real Time Build Order
Export as new Build Order

Rogue Zerg 

Build Orders: Hatch First, Muta Ling Bane 

Get SALT Encoding   

  12  0:00  Drone  
  13  0:12  Overlord  
  13  0:17  Drone  
  14  0:31  Drone x2  
  16  0:46  Drone x2  
  18  0:55  Hatchery  
  17  0:59  Drone  
  17  1:00  Extractor  
  17  1:14  Spawning Pool  
  17  1:17  Drone  
  17  1:20  Drone  
  18  1:29  Drone  
  19  1:39  Overlord  
  19  1:50  Drone  
  20  2:01  Queen  
  20  2:03  Zergling x2  
  20  2:08  Queen  
  25  2:11  Zergling x2  
  25  2:14  Drone  
  27  2:18  Drone  
  28  2:25  Drone  
  30  2:30  Drone  
  30  2:33  Drone  
  31  2:44  Hatchery  
  31  2:46  Drone x2  
  32  2:53  Queen  
  34  2:58  Overlord  
  34  3:03  Drone x2  
  34  3:04  Pneumatized Carapace  
  36  3:16  Drone  
  36  3:18  Drone x2  
  36  3:19  Drone x2  
  41  3:20  Overlord  
  41  3:25  Drone  
  41  3:26  Drone  
  43  3:33  Metabolic Boost  
  43  3:35  Drone  
  43  3:37  Overlord  
  43  3:38  Queen  
  46  3:41  Spore Crawler  
  46  3:45  Drone  
  46  3:47  Drone x2  
  48  3:52  Overlord  
  48  3:55  Drone  
  49  4:02  Zergling x4, Roach Warren  
  50  4:08  Zergling x10  
  55  4:12  Zergling x2  
  56  4:17  Zergling x6, Spine Crawler  
  56  4:19  Zergling x2  
  56  4:22  Zergling x2  
  60  4:29  Overlord  
  60  4:30  Zergling x2  
  60  4:31  Lair  
  61  4:35  Extractor  
  61  4:38  Zergling x2  
  61  4:42  Roach x2  
  61  4:43  Roach  
  67  4:46  Zergling x6  
  66  4:55  Drone x5  
  66  4:59  Drone x2  
  64  5:04  Drone  
  64  5:05  Drone  
  62  5:08  Drone  
  62  5:10  Drone  
  63  5:15  Spore Crawler  
  63  5:18  Drone  
  63  5:19  Drone  
  64  5:26  Roach  
  64  5:27  Roach x2  
  64  5:28  Overseer  
  70  5:31  Extractor  
  70  5:33  Drone  
  70  5:34  Drone x2  
  72  5:40  Drone x2  
  73  5:46  Drone x4  
  75  5:50  Drone x2  
  75  5:56  Drone x3  
  78  6:01  Drone x2  
  77  6:05  Drone x2  
  77  6:06  Drone  
  77  6:08  Spore Crawler  
  75  6:19  Drone x3  
  75  6:26  Extractor, Drone x2  
  75  6:29  Queen  
  77  6:34  Spire, Extractor  
  77  6:35  Extractor, Drone x2  
  77  6:36  Drone  
  77  6:39  Overlord  
  77  6:44  Overlord  
  77  6:46  Drone x3  
  80  6:50  Overlord  
  80  6:54  Overlord  
  80  6:55  Drone  
  80  6:56  Evolution Chamber, Overlord  
  80  7:03  Zergling x4  
  80  7:04  Zergling x4  
  82  7:09  Drone x5  
  82  7:11  Drone  
  85  7:20  Drone x2  
  87  7:25  Glial Reconstitution  
  87  7:29  Roach  
  90  7:30  Roach x2  
  90  7:32  Drone x2  
  90  7:33  Drone  
  91  7:37  Roach x4  
  91  7:38  Roach  
  91  7:39  Drone  
  91  7:41  Drone  
  103  7:45  Overlord x2  
  103  7:46  Overseer  
  103  7:49  Overlord  
  103  7:56  Overlord x2  
  103  8:05  Mutalisk  
  103  8:06  Mutalisk x3  
  103  8:12  Mutalisk  
  108  8:13  Mutalisk x2  
  108  8:14  Mutalisk  
  108  8:19  Drone x2  
  116  8:21  Roach x2  
  120  8:29  Zerg Melee Weapons Level 1  
  120  8:31  Zergling x2  
  120  8:32  Zergling x8  
  125  8:34  Drone  
  125  8:40  Zergling x12  
  132  8:44  Overlord  
  132  8:49  Drone x2  
  132  8:51  Hatchery, Baneling Nest  
  132  8:56  Overseer  
  132  8:58  Overlord  
  132  9:00  Zergling x8  
  132  9:01  Zergling x2  
  135  9:04  Overlord  
  135  9:12  Zergling x14  
  140  9:20  Zergling x2  
  141  9:24  Zergling x4  
  141  9:30  Overlord  
  141  9:33  Zergling x12  
  141  9:35  Centrifical Hooks  
  141  9:36  Zergling x2  
  148  9:40  Ravager  
  148  9:41  Ravager x3  
  148  9:42  Ravager, Baneling x8  
  148  9:43  Ravager  
  148  9:44  Overlord  
  148  9:45  Baneling, Overlord  
  154  9:46  Baneling x3  
  154  9:49  Overlord  
  148  10:01  Ravager  
  148  10:02  Zergling x8, Ravager x7  
  148  10:03  Zergling x4  
  148  10:06  Baneling  
  148  10:07  Baneling x3  
  162  10:12  Zergling x12  
  167  10:19  Zergling x10  
  168  10:26  Baneling  
  168  10:27  Baneling x11  
  164  10:32  Zergling x12  
  164  10:34  Zergling x2  
  164  10:35  Zergling x4  
  151  10:38  Zergling x2  
  151  10:40  Zergling x2  
  151  10:41  Zergling x4  
  136  10:43  Zergling x2  
  136  10:45  Zergling x2  
  136  10:49  Roach  
  123  10:50  Roach  
  123  10:55  Roach x4  
  124  10:58  Baneling x4  
  124  10:59  Baneling x2  
  124  11:02  Zergling x2  
  125  11:05  Zerg Melee Weapons Level 2  
  125  11:08  Baneling x6  
  125  11:10  Zergling x2  
  126  11:12  Ravager  
  126  11:14  Baneling  
  126  11:15  Baneling x3  
  127  11:22  Zergling x2  
  127  11:23  Zergling x12  
  134  11:32  Hatchery  
  133  11:35  Ravager  
  133  11:36  Ravager x4  
  138  11:40  Zergling x2  
  138  11:41  Zergling x8  
  143  11:47  Roach x3  
  143  11:48  Zergling x2  
  150  11:55  Zergling x2  
  150  11:56  Zergling x10  
  154  12:08  Overlord x2  
  154  12:10  Roach  
  154  12:11  Roach x3  
  154  12:13  Overlord  
  162  12:15  Overseer  
  162  12:27  Overlord x2  
  162  12:29  Roach x4  
  168  12:37  Ravager  
  168  12:38  Ravager x6  
  175  12:46  Zergling x16  
  183  12:53  Zergling x6  
  182  13:02  Zergling x4  
  182  13:03  Zergling x8  
  182  13:04  Zergling x2  
  189  13:08  Baneling  
  189  13:09  Baneling x11  
  189  13:10  Baneling  
  190  13:12  Zergling x2  
  190  13:17  Zergling x2  
  190  13:18  Zergling x6  
  126  13:29  Zergling x2  
  126  13:30  Zergling x14  
  126  13:32  Zergling x2  
Show
View Real Time Build Order
Export as new Build Order

Zest Protoss - Winner!

Build Orders: 1 Gate Expand, Zealot Archon 

Get SALT Encoding   

  12  0:00  Probe  
  13  0:14  Pylon  
  13  0:17  Probe (Chrono Boost)  
  14  0:27  Probe (Chrono Boost)  
  15  0:32  Probe (Chrono Boost)  
  16  0:39  Gateway  
  16  0:43  Probe  
  16  0:49  Assimilator  
  17  0:56  Probe  
  18  1:08  Probe  
  19  1:20  Probe  
  20  1:26  Nexus  
  20  1:36  Cybernetics Core  
  20  1:38  Probe  
  21  1:43  Assimilator  
  21  1:50  Probe  
  21  1:53  Pylon  
  22  2:02  Probe  
  23  2:09  Adept (Chrono Boost)  
  23  2:13  Warp Gate  
  23  2:15  Probe  
  26  2:27  Probe  
  26  2:28  Twilight Council  
  27  2:32  Stalker  
  29  2:39  Probe x2 (Chrono Boost)  
  31  2:48  Probe x2 (Chrono Boost)  
  33  2:53  Probe (Chrono Boost), Robotics Facility  
  33  2:57  Probe  
  35  3:05  Resonating Glaives (Chrono Boost)  
  35  3:14  Gateway  
  35  3:17  Gateway  
  35  3:25  Gateway  
  35  3:26  Probe  
  35  3:27  Probe  
  37  3:36  Warp Prism (Chrono Boost)  
  37  3:38  Pylon  
  39  3:47  Probe x2, Assimilator  
  41  3:58  Pylon  
  41  3:59  Probe x2  
  43  4:09  Dark Shrine  
  43  4:13  Adept x2  
  43  4:14  Adept  
  49  4:17  Pylon  
  49  4:19  Probe  
  49  4:20  Probe  
  51  4:30  Pylon  
  51  4:37  Adept x4  
  59  4:40  Pylon  
  59  4:57  Probe x2  
  53  5:03  Adept x4  
  53  5:14  Probe x2  
  53  5:16  Assimilator  
  55  5:25  Dark Templar x3  
  55  5:26  Zealot  
  63  5:33  Probe x2  
  65  5:46  Archon  
  65  5:47  Probe x2  
  65  5:53  Nexus  
  59  6:02  Adept, Dark Templar x2  
  59  6:03  Adept  
  65  6:04  Pylon  
  61  6:13  Probe (Chrono Boost)  
  61  6:14  Probe (Chrono Boost)  
  63  6:25  Probe (Chrono Boost)  
  61  6:26  Probe (Chrono Boost)  
  61  6:31  Shield Battery  
  61  6:32  Adept x2  
  65  6:33  Probe x2 (Chrono Boost)  
  65  6:35  Gateway  
  65  6:37  Gateway  
  65  6:38  Archon, Gateway  
  65  6:39  Dark Templar  
  69  6:40  Dark Templar  
  69  6:42  Probe  
  69  6:43  Probe  
  73  6:47  Archon  
  73  6:49  Observer (Chrono Boost)  
  74  6:54  Probe  
  74  6:55  Probe  
  74  6:56  Forge  
  76  7:06  Probe  
  77  7:09  Blink (Chrono Boost)  
  77  7:11  Immortal (Chrono Boost)  
  82  7:15  Probe x2  
  82  7:17  Pylon  
  82  7:18  Probe  
  84  7:34  Protoss Ground Weapons Level 1 (Chrono Boost)  
  84  7:35  Photon Cannon  
  84  7:36  Probe x2  
  84  7:39  Photon Cannon  
  84  7:43  Probe, Sentry x2  
  89  7:46  Pylon, Assimilator  
  89  7:47  Photon Cannon, Assimilator  
  89  7:48  Probe  
  89  7:50  Immortal (Chrono Boost)  
  94  7:59  Gateway  
  94  8:02  Probe x3, Pylon  
  97  8:11  Zealot  
  99  8:14  Probe  
  99  8:16  Photon Cannon  
  100  8:24  Sentry x2  
  104  8:27  Immortal (Chrono Boost)  
  104  8:28  Pylon  
  104  8:29  Pylon  
  104  8:31  Pylon  
  108  8:34  Pylon  
  108  8:48  Sentry  
  110  8:49  Sentry, Stalker x5  
  122  8:59  Observer  
  123  9:15  Stalker x7  
  132  9:32  Stalker  
  132  9:37  Pylon  
  134  9:38  Pylon  
  134  9:40  Stalker x6  
  146  9:52  Nexus  
  145  10:02  Charge (Chrono Boost)  
  145  10:05  Stalker x3  
  145  10:06  Stalker x5  
  159  10:31  Zealot x3, Stalker  
  159  10:32  Zealot  
  149  10:38  Zealot x2  
  117  10:50  Stalker  
  117  10:55  Stalker x5  
  117  10:56  Observer (Chrono Boost)  
  128  11:06  Protoss Ground Weapons Level 2 (Chrono Boost)  
  128  11:16  Observer (Chrono Boost)  
  128  11:18  Dark Templar x4  
  133  11:20  Zealot x4  
  133  11:24  Archon x2, Nexus  
  145  11:41  Pylon  
  145  11:43  Dark Templar  
  145  11:44  Dark Templar, Zealot x2  
  153  11:48  Archon  
  153  11:57  Dark Templar x2  
  157  12:03  Dark Templar x2  
  157  12:04  Archon  
  157  12:08  Gateway  
  161  12:09  Gateway  
  161  12:10  Gateway  
  161  12:12  Gateway  
  161  12:15  Archon  
  161  12:37  Dark Templar x3  
  161  12:38  Dark Templar, Zealot x4  
  161  12:40  Observer  
  161  12:43  Archon x2  
  175  13:02  Zealot  
  175  13:03  Zealot x5  
  187  13:08  Warp Prism (Chrono Boost)  
  187  13:09  Zealot x2  
  163  13:26  Zealot x10  
  143  13:39  Zealot x2  
  137  13:46  Zealot x8  

Tags
 
Add a new tag
Caveats
  • Supply blocks, unpowered buildings, or Contaminate may cause inaccurate times.
  • Supply counts are checked every 10 seconds.